Minnesota North Stars vs Detroit Red Wings
(R1)
Created - Friday, May 9, 2025 at 08:35
Goals
|
| Minnesota North Stars |
0 |
4 |
0 |
4 |
| Detroit Red Wings |
0 |
1 |
0 |
1 |
|
Shots
|
| Minnesota North Stars |
8 |
12 |
13 |
33 |
| Detroit Red Wings |
4 |
6 |
15 |
25 |
|
1st period
No Goal
Penalties :
Frank Vatrano (MNS) for Goalie Interference (Minor) at 2:25, William Karlsson (MNS) for Hooking (Minor) at 5:33
2nd period
1. Detroit Red Wings , Jackson LaCombe 2 (Steven Stamkos 35) at 3:04
2. Minnesota North Stars , Valeri Nichushkin 38 (Jack Hughes 45, Jonathan Marchessault 22) at 9:29
3. Minnesota North Stars , Evgeni Malkin 22 (Neal Pionk 9, Logan Thompson) at 10:41 (PP)
4. Minnesota North Stars , Evgeni Malkin 23 (Jonathan Marchessault 23, Dylan DeMelo 17) at 12:38
5. Minnesota North Stars , Jack Hughes 22 (Evgeni Malkin 31, Cam York 11) at 14:09 (PP)
Penalties :
Jackson LaCombe (DET) for Hooking (Minor) at 0:39, Mika Zibanejad (DET) for Slashing (Minor) at 10:29, Yakov Trenin (DET) for Boarding (Minor) at 13:56, Jared McCann (DET) for Boarding (Minor) at 14:52
3rd period
No Goal
Penalties :
William Karlsson (MNS) for Tripping (Minor) at 0:17, Zach Bogosian (DET) for Delaying the game (Minor) at 12:13, Cam York (MNS) for Delaying the game (Minor) at 14:48, Jackson LaCombe (DET) for Tripping (Minor) at 18:58
Goalie Stats
Logan Thompson (MNS), 24 saves from 25 shots - (0.960), W, 24-10-6, 60:00 minutes
Laurent Brossoit (DET), 29 saves from 33 shots - (0.879), L, 14-8-3, 60:00 minutes
Players Stats for Minnesota North Stars
Player Name G A P +/- PIM S H SB GA TA FO MP PP MP PK MP
------------------------------------------------------------------------------------
Alexander Kerfoot 0 0 0 0 0 0 0 0 0 0 1/1 0:46 0:00 0:26
Brock Nelson 0 0 0 -1 0 6 0 0 1 0 2/5 16:41 0:00 0:00
Cam York 0 1 1 0 2 0 1 0 0 0 0/0 20:14 3:20 0:00
Dylan DeMelo 0 1 1 1 0 2 2 1 1 0 0/0 18:51 0:00 3:50
Erik Cernak 0 0 0 1 0 2 2 1 0 1 0/0 18:30 0:00 3:50
Evan Rodrigues 0 0 0 -1 0 0 0 0 0 0 0/1 8:47 0:00 0:31
Evgeni Malkin 2 1 3 1 0 4 1 2 0 0 9/16 20:06 3:43 3:19
Frank Vatrano 0 0 0 1 2 2 0 0 0 1 1/1 15:42 3:40 0:00
Gustav Forsling 0 0 0 0 0 0 1 1 0 1 0/0 21:19 4:03 4:06
Ivan Barbashev 0 0 0 -1 0 0 0 0 2 0 1/1 8:09 0:00 0:00
Jack Hughes 1 1 2 1 0 6 0 0 1 0 2/6 17:57 3:43 1:58
Jonathan Marchessault 0 2 2 1 0 1 0 0 1 0 0/0 16:57 3:43 0:38
Lawson Crouse 0 0 0 0 0 1 3 1 0 0 1/2 16:42 0:00 3:43
Neal Pionk 0 1 1 -1 0 1 3 1 0 1 0/0 21:54 3:20 4:06
Rasmus Dahlin 0 0 0 1 0 0 0 0 0 0 0/0 18:42 4:03 0:00
Ryan Nugent-Hopkins 0 0 0 1 0 0 1 0 1 0 0/3 17:08 0:00 3:35
Valeri Nichushkin 1 0 1 1 0 5 0 1 0 0 1/1 15:12 3:40 0:00
William Karlsson 0 0 0 0 4 3 0 0 2 1 8/18 18:23 3:40 1:42
Players Stats for Detroit Red Wings
Player Name G A P +/- PIM S H SB GA TA FO MP PP MP PK MP
------------------------------------------------------------------------------------
Brendan Gallagher 0 0 0 0 0 1 0 1 0 0 0/1 6:37 0:00 0:00
Carter Verhaeghe 0 0 0 0 0 4 2 1 1 0 0/1 18:07 3:52 0:00
Christian Fischer 0 0 0 0 0 1 4 0 0 0 0/1 13:12 0:00 3:24
Daniel Sprong 0 0 0 -1 0 5 0 0 0 0 0/0 9:28 0:00 0:11
Erik Brannstrom 0 0 0 1 0 1 0 0 0 0 0/0 15:41 3:56 0:00
Jackson LaCombe 1 0 1 0 4 2 3 0 0 0 0/0 16:27 0:00 1:57
Jared McCann 0 0 0 -1 2 0 1 1 2 0 0/0 18:37 4:04 0:00
Jeff Petry 0 0 0 -1 0 0 1 1 0 1 0/0 25:52 3:56 4:17
Keegan Kolesar 0 0 0 0 0 2 1 0 0 0 0/0 10:06 0:00 3:42
Kevin Stenlund 0 0 0 0 0 3 1 1 0 0 4/5 10:06 0:00 3:42
Mika Zibanejad 0 0 0 0 2 0 1 1 1 3 16/26 21:31 3:52 3:18
Patrick Kane 0 0 0 -1 0 2 4 1 1 1 0/2 18:37 4:04 0:00
Shayne Gostisbehere 0 0 0 -1 0 1 1 0 0 1 0/0 20:17 4:00 1:22
Steven Stamkos 0 1 1 0 0 0 1 1 0 0 6/12 19:32 4:04 0:29
Tyler Johnson 0 0 0 0 0 2 1 0 0 1 1/2 18:11 3:52 0:00
Yakov Trenin 0 0 0 -1 2 0 0 1 0 0 2/5 13:18 0:00 3:40
Zach Bogosian 0 0 0 1 2 0 2 1 0 0 0/0 11:22 0:00 0:00
Zachary Werenski 0 0 0 -1 0 1 1 1 0 2 0/0 25:30 4:00 3:30
3 Stars
1 - Evgeni Malkin (MNS)
2 - Jack Hughes (MNS)
3 - Logan Thompson (MNS)
Power Play
Minnesota North Stars - 2 on 6 Attempt(s) - 33.33%
Detroit Red Wings - 0 on 4 Attempt(s) - 0.00%
Penalty Kill
Minnesota North Stars - 4 on 4 Attempt(s) - 100.00%
- Score 0 goal in Penalty Kill
Detroit Red Wings - 4 on 6 Attempt(s) - 66.67%
- Score 0 goal in Penalty Kill
Team Stat
Minnesota North Stars - Hits : 14 - Faceoff Wins : 26 - Blocked Shots : 8 - Penalty Minutes : 8
Detroit Red Wings - Hits : 24 - Faceoff Wins : 29 - Blocked Shots : 11 - Penalty Minutes : 12
Official
Referees : Kevin Pollock and Trevor Hanson
Linesman : Jonathan Deschamps and Tommy Hughes
Game Notes
Alexander Kerfoot is injured at 3:16 of 1st period (Bruised Left Shoulder)
Finance
Level 1 -- Attendance: 4849 (80.82%) -- Ticket Income $484,900
Level 2 -- Attendance: 3955 (79.10%) -- Ticket Income $237,300
Level 3 -- Attendance: 2544 (84.80%) -- Ticket Income $89,040
Level 4 -- Attendance: 4021 (80.42%) -- Ticket Income $100,525
Luxury Box -- Attendance: 881 (88.10%) -- Ticket Income $176,200
Game was played at the Joe Louis Arena.
Total Attendance: 16250 (81.25%)
Total Ticket Income: $1,087,965
Other Income: $380,788
Total Income: $1,468,753
Minnesota North Stars
5 vs 5 Forward
Center Left Wing Right Wing Time % Phy DF OF
1 Jack Hughes Valeri Nichushkin Frank Vatrano 30 0 1 4
2 Evgeni Malkin Ryan Nugent-Hopkins Jonathan Marchessault 30 0 1 4
3 William Karlsson Brock Nelson Lawson Crouse 30 0 2 3
4 Alexander Kerfoot Evan Rodrigues Ivan Barbashev 10 0 2 3
5 vs 5 Defense
Defense Defense Time % Phy DF OF
1 Rasmus Dahlin Erik Cernak 34 0 4 1
2 Gustav Forsling Neal Pionk 33 0 4 1
3 Cam York Dylan DeMelo 33 0 4 1
4 Rasmus Dahlin Neal Pionk 0 1 2 2
PowerPlay Forward
Center Left Wing Right Wing Time % Phy DF OF
1 William Karlsson Valeri Nichushkin Frank Vatrano 50 0 0 5
2 Evgeni Malkin Jack Hughes Jonathan Marchessault 50 0 0 5
PowerPlay Defense
Defense Defense Time % Phy DF OF
1 Rasmus Dahlin Gustav Forsling 50 0 2 3
2 Cam York Neal Pionk 50 0 2 3
Penalty Kill 4 Players Forward
Center Wing Time % Phy DF OF
1 William Karlsson Lawson Crouse 50 0 5 0
2 Alexander Kerfoot Ryan Nugent-Hopkins 50 0 5 0
Penalty Kill 4 Players Defense
Defense Defense Time % Phy DF OF
1 Erik Cernak Dylan DeMelo 50 0 5 0
2 Neal Pionk Gustav Forsling 50 0 5 0
Penalty Kill - 3 Players Forward
Forward Time % Phy DF OF
1 William Karlsson 50 0 5 0
2 Alexander Kerfoot 50 0 5 0
Penalty Kill - 3 Players Defense
Defense Defense Time % Phy DF OF
1 Erik Cernak Dylan DeMelo 50 0 5 0
2 Neal Pionk Gustav Forsling 50 0 5 0
4 vs 4 Forward
Center Wing Time % Phy DF OF
1 William Karlsson Valeri Nichushkin 50 0 2 3
2 Evgeni Malkin Jack Hughes 50 0 1 4
4 vs 4 Defense
Defense Defense Time % Phy DF OF
1 Rasmus Dahlin Neal Pionk 50 0 4 1
2 Gustav Forsling Cam York 50 0 4 1
Last Minutes Offensive
Center Left Wing Right Wing Defense Defense
William Karlsson Jack Hughes Frank Vatrano Rasmus Dahlin Neal Pionk
Last Minutes Defensive
Center Left Wing Right Wing Defense Defense
William Karlsson Lawson Crouse Frank Vatrano Erik Cernak Gustav Forsling
Goaltenders
Starting : Logan Thompson
Backup : Charlie Lindgren
Extra Forwards
Normal : Brock Nelson, Ryan Nugent-Hopkins, Alexander Kerfoot - PP : Brock Nelson, Ryan Nugent-Hopkins - PK : Alexander Kerfoot
Extra Defensemen
Normal : Cam York, Dylan DeMelo, Gustav Forsling - PP : Cam York - PK : Dylan DeMelo, Gustav Forsling
Penalty Shots
Neal Pionk, Alexander Kerfoot, William Karlsson, Rasmus Dahlin, Valeri Nichushkin
Scratches
Michael Rasmussen (Healthy), Jonas Brodin (Healthy), Matt Roy (Healthy)
Detroit Red Wings
5 vs 5 Forward
Center Left Wing Right Wing Time % Phy DF OF
1 Steven Stamkos Jared McCann Patrick Kane 35 1 2 2
2 Mika Zibanejad Carter Verhaeghe Tyler Johnson 35 1 1 3
3 Yakov Trenin Daniel Sprong Christian Fischer 20 1 2 2
4 Kevin Stenlund Brendan Gallagher Keegan Kolesar 10 2 2 1
5 vs 5 Defense
Defense Defense Time % Phy DF OF
1 Zachary Werenski Jeff Petry 40 1 2 2
2 Shayne Gostisbehere Jackson LaCombe 30 1 2 2
3 Erik Brannstrom Zach Bogosian 20 3 1 1
4 Shayne Gostisbehere Jackson LaCombe 10 1 2 2
PowerPlay Forward
Center Left Wing Right Wing Time % Phy DF OF
1 Steven Stamkos Jared McCann Patrick Kane 50 0 1 4
2 Mika Zibanejad Carter Verhaeghe Tyler Johnson 50 0 1 4
PowerPlay Defense
Defense Defense Time % Phy DF OF
1 Shayne Gostisbehere Zachary Werenski 50 1 2 2
2 Erik Brannstrom Jeff Petry 50 1 2 2
Penalty Kill 4 Players Forward
Center Wing Time % Phy DF OF
1 Mika Zibanejad Christian Fischer 50 2 2 1
2 Kevin Stenlund Keegan Kolesar 50 2 2 1
Penalty Kill 4 Players Defense
Defense Defense Time % Phy DF OF
1 Zachary Werenski Jackson LaCombe 50 2 2 1
2 Yakov Trenin Jeff Petry 50 2 2 1
Penalty Kill - 3 Players Forward
Forward Time % Phy DF OF
1 Mika Zibanejad 50 1 2 2
2 Steven Stamkos 50 1 2 2
Penalty Kill - 3 Players Defense
Defense Defense Time % Phy DF OF
1 Zachary Werenski Jackson LaCombe 50 1 2 2
2 Yakov Trenin Jeff Petry 50 2 2 1
4 vs 4 Forward
Center Wing Time % Phy DF OF
1 Mika Zibanejad Carter Verhaeghe 60 1 2 2
2 Steven Stamkos Patrick Kane 40 1 1 3
4 vs 4 Defense
Defense Defense Time % Phy DF OF
1 Zachary Werenski Shayne Gostisbehere 60 1 2 2
2 Jackson LaCombe Jeff Petry 40 1 2 2
Last Minutes Offensive
Center Left Wing Right Wing Defense Defense
Mika Zibanejad Steven Stamkos Carter Verhaeghe Zachary Werenski Jackson LaCombe
Last Minutes Defensive
Center Left Wing Right Wing Defense Defense
Mika Zibanejad Steven Stamkos Carter Verhaeghe Zachary Werenski Jackson LaCombe
Goaltenders
Starting : Laurent Brossoit
Backup : Calvin Pickard
Extra Forwards
Normal : Yakov Trenin, Christian Fischer, Daniel Sprong - PP : Kevin Stenlund, Daniel Sprong - PK : Steven Stamkos
Extra Defensemen
Normal : Shayne Gostisbehere, Jackson LaCombe, Zach Bogosian - PP : Shayne Gostisbehere - PK : Shayne Gostisbehere, Jackson LaCombe
Penalty Shots
Mika Zibanejad, Steven Stamkos, Patrick Kane, Carter Verhaeghe, Jared McCann
Scratches
Alexander Barabanov (Healthy), Kevin Shattenkirk (Healthy), Peyton Krebs (Healthy), Raphael Lavoie (Healthy), Vitek Vanecek (Healthy)
% Time on Ice - Minnesota North Stars
Lines # - Real PCT - Wanted PCT - Time Play
Normal Forward
1 - 25% - 30% - 11:01
2 - 26% - 30% - 11:24
3 - 26% - 30% - 11:24
4 - 24% - 10% - 10:52
Normal Defense
1 - 33% - 34% - 14:50
2 - 33% - 33% - 14:56
3 - 32% - 33% - 14:28
4 - 1% - 0% - 0:27
PP Forward
1 - 50% - 50% - 3:40
2 - 50% - 50% - 3:43
PP Defense
1 - 55% - 50% - 4:03
2 - 45% - 50% - 3:20
PK Forward
1 - 48% - 50% - 3:50
2 - 52% - 50% - 4:06
PK Defense
1 - 48% - 50% - 3:50
2 - 52% - 50% - 4:06
PK3 Forward
1 - 0% - 50%
2 - 0% - 50%
PK3 Defense
1 - 0% - 50%
2 - 0% - 50%
44 Forward
1 - 0% - 50%
2 - 0% - 50%
44 Defense
1 - 0% - 50%
2 - 0% - 50%
Last Minute Offensive - 0:00
Last Minute Defensive - 0:00
Total
Forward - 60:00
Defense - 60:00
|
% Time on Ice - Detroit Red Wings
Lines # - Real PCT - Wanted PCT - Time Play
Normal Forward
1 - 34% - 35% - 14:59
2 - 33% - 35% - 14:37
3 - 20% - 20% - 8:56
4 - 14% - 10% - 6:09
Normal Defense
1 - 40% - 40% - 18:00
2 - 30% - 30% - 13:30
3 - 25% - 20% - 11:03
4 - 5% - 10% - 2:08
PP Forward
1 - 51% - 50% - 4:04
2 - 49% - 50% - 3:52
PP Defense
1 - 50% - 50% - 4:00
2 - 50% - 50% - 3:56
PK Forward
1 - 47% - 50% - 3:30
2 - 53% - 50% - 3:53
PK Defense
1 - 47% - 50% - 3:30
2 - 53% - 50% - 3:53
PK3 Forward
1 - 0% - 50%
2 - 0% - 50%
PK3 Defense
1 - 0% - 50%
2 - 0% - 50%
44 Forward
1 - 0% - 60%
2 - 0% - 40%
44 Defense
1 - 0% - 60%
2 - 0% - 40%
Last Minute Offensive - 0:00
Last Minute Defensive - 0:00
Total
Forward - 60:00
Defense - 60:00
|
Play-by-Play
1st period
0:01 of 1st period - Jack Hughes wins face-off versus Patrick Kane in neutral zone.
0:47 of 1st period - Wrist shot by William Karlsson.
0:47 of 1st period - Stopped by Laurent Brossoit without a rebound.
0:48 of 1st period - Yakov Trenin wins face-off versus William Karlsson in Detroit Red Wings zone.
0:57 of 1st period - Snap shot by Christian Fischer.
0:57 of 1st period - Stopped by Logan Thompson without a rebound.
0:58 of 1st period - Alexander Kerfoot wins face-off versus Brendan Gallagher in Minnesota North Stars zone.
1:25 of 1st period - Snap shot by Carter Verhaeghe.
1:25 of 1st period - Shot Misses the Net.
1:27 of 1st period - Slapshot by Mika Zibanejad.
1:27 of 1st period - Shot Blocked by Neal Pionk.
1:49 of 1st period - Snap shot by Daniel Sprong.
1:49 of 1st period - Shot Misses the Net.
2:25 of 1st period - Minor Penalty to Frank Vatrano for Goalie Interference.
2:26 of 1st period - William Karlsson wins face-off versus Steven Stamkos in Minnesota North Stars zone.
3:15 of 1st period - Alexander Kerfoot is hit by Zachary Werenski and loses puck.
3:16 of 1st period - Alexander Kerfoot from Minnesota North Stars is injured at 3:16 of 1st period (Bruised Left Shoulder).
3:17 of 1st period - Mika Zibanejad wins face-off versus William Karlsson in Minnesota North Stars zone.
4:25 of 1st period - Penalty to Frank Vatrano is over, Frank Vatrano is back on ice.
4:41 of 1st period - Snap shot by Daniel Sprong.
4:41 of 1st period - Shot Hit the Post.
4:49 of 1st period - Snap shot by Evgeni Malkin.
4:49 of 1st period - Shot Blocked by Brendan Gallagher.
4:55 of 1st period - Gustav Forsling is hit by Keegan Kolesar and loses puck.
5:08 of 1st period - Wrist shot by Frank Vatrano.
5:08 of 1st period - Stopped by Laurent Brossoit without a rebound.
5:09 of 1st period - Mika Zibanejad wins face-off versus William Karlsson in Detroit Red Wings zone.
5:09 of 1st period - Mika Zibanejad is hit by Lawson Crouse.
5:33 of 1st period - Minor Penalty to William Karlsson for Hooking.
5:34 of 1st period - Evgeni Malkin wins face-off versus Mika Zibanejad in Minnesota North Stars zone.
7:33 of 1st period - Penalty to William Karlsson is over, William Karlsson is back on ice.
7:43 of 1st period - Icing by Evan Rodrigues.
7:44 of 1st period - Brock Nelson wins face-off versus Yakov Trenin in Minnesota North Stars zone.
7:58 of 1st period - Cam York is hit by Christian Fischer and loses puck.
8:11 of 1st period - Backhand shot by Carter Verhaeghe.
8:11 of 1st period - Stopped by Logan Thompson with a rebound.
8:43 of 1st period - Wrist shot by Ivan Barbashev.
8:43 of 1st period - Shot Blocked by Zach Bogosian.
8:47 of 1st period - Snap shot by Brock Nelson.
8:47 of 1st period - Stopped by Laurent Brossoit without a rebound.
8:48 of 1st period - Steven Stamkos wins face-off versus Jack Hughes in Detroit Red Wings zone.
8:55 of 1st period - Wrist shot by Valeri Nichushkin.
8:55 of 1st period - Stopped by Laurent Brossoit without a rebound.
8:56 of 1st period - Steven Stamkos wins face-off versus Jack Hughes in Detroit Red Wings zone.
9:01 of 1st period - Snap shot by Patrick Kane.
9:01 of 1st period - Shot Misses the Net.
9:48 of 1st period - Wrist shot by Valeri Nichushkin.
9:48 of 1st period - Shot Misses the Net.
10:38 of 1st period - Slapshot by Jack Hughes.
10:38 of 1st period - Stopped by Laurent Brossoit with a rebound.
11:08 of 1st period - Snap shot by Jack Hughes.
11:08 of 1st period - Stopped by Laurent Brossoit with a rebound.
11:10 of 1st period - Slapshot by Rasmus Dahlin.
11:10 of 1st period - Shot Misses the Net.
11:18 of 1st period - Slapshot by Valeri Nichushkin.
11:18 of 1st period - Stopped by Laurent Brossoit with a rebound.
11:20 of 1st period - Slapshot by Erik Cernak.
11:20 of 1st period - Shot Blocked by Patrick Kane.
11:22 of 1st period - Wrist shot by Jack Hughes.
11:22 of 1st period - Shot Blocked by Jared McCann.
11:24 of 1st period - Snap shot by Valeri Nichushkin.
11:24 of 1st period - Shot Hit the Post.
12:06 of 1st period - Snap shot by Jack Hughes.
12:06 of 1st period - Shot Blocked by Zachary Werenski.
12:08 of 1st period - Wrist shot by Erik Cernak.
12:08 of 1st period - Shot Misses the Net.
12:34 of 1st period - Wrist shot by Jack Hughes.
12:34 of 1st period - Stopped by Laurent Brossoit without a rebound.
12:35 of 1st period - Mika Zibanejad wins face-off versus William Karlsson in Detroit Red Wings zone.
12:50 of 1st period - William Karlsson is hit by Jackson LaCombe and loses puck.
13:28 of 1st period - Wrist shot by Kevin Stenlund.
13:28 of 1st period - Stopped by Logan Thompson with a rebound.
13:30 of 1st period - Snap shot by Keegan Kolesar.
13:30 of 1st period - Shot Misses the Net.
13:32 of 1st period - Snap shot by Brendan Gallagher.
13:32 of 1st period - Stopped by Logan Thompson with a rebound.
14:20 of 1st period - Jackson LaCombe is hit by Gustav Forsling and loses puck.
16:03 of 1st period - Jackson LaCombe is hit by Ryan Nugent-Hopkins and loses puck.
17:07 of 1st period - Icing by Cam York.
17:08 of 1st period - Mika Zibanejad wins face-off versus Evan Rodrigues in Minnesota North Stars zone.
19:25 of 1st period - Yakov Trenin is hit by Dylan DeMelo.
Goals for this period are 0 for Minnesota North Stars vs 0 for Detroit Red Wings.
Shots for this period are 8 for Minnesota North Stars vs 4 for Detroit Red Wings.
2nd period
0:01 of 2nd period - Steven Stamkos wins face-off versus Evgeni Malkin in neutral zone.
0:06 of 2nd period - Jonathan Marchessault is hit by Patrick Kane and loses puck.
0:39 of 2nd period - Minor Penalty to Jackson LaCombe for Hooking.
0:40 of 2nd period - Mika Zibanejad wins face-off versus William Karlsson in Detroit Red Wings zone.
2:05 of 2nd period - William Karlsson is hit by Kevin Stenlund and loses puck.
2:39 of 2nd period - Penalty to Jackson LaCombe is over, Jackson LaCombe is back on ice.
2:55 of 2nd period - Neal Pionk is hit by Jackson LaCombe and loses puck.
3:04 of 2nd period - Snap shot by Jackson LaCombe.
3:04 of 2nd period - Goal by Jackson LaCombe - Minnesota North Stars : 0 - Detroit Red Wings : 1.
3:05 of 2nd period - Evgeni Malkin wins face-off versus Tyler Johnson in neutral zone.
3:22 of 2nd period - Wrist shot by Jonathan Marchessault.
3:22 of 2nd period - Shot Misses the Net.
3:37 of 2nd period - Off-side.
3:38 of 2nd period - William Karlsson wins face-off versus Steven Stamkos in neutral zone.
3:51 of 2nd period - Wrist shot by Patrick Kane.
3:51 of 2nd period - Stopped by Logan Thompson without a rebound.
3:52 of 2nd period - Mika Zibanejad wins face-off versus Evgeni Malkin in Minnesota North Stars zone.
4:19 of 2nd period - Cam York is hit by Jared McCann and loses puck.
6:21 of 2nd period - Slapshot by Zachary Werenski.
6:21 of 2nd period - Deflect By Brendan Gallagher.
6:21 of 2nd period - Shot Blocked by Evgeni Malkin.
6:21 of 2nd period - Puck is out of play.
6:22 of 2nd period - Kevin Stenlund wins face-off versus Evgeni Malkin in Minnesota North Stars zone.
6:38 of 2nd period - Snap shot by Kevin Stenlund.
6:38 of 2nd period - Stopped by Logan Thompson with a rebound.
7:01 of 2nd period - Tyler Johnson is hit by Lawson Crouse and loses puck.
7:34 of 2nd period - Wrist shot by Daniel Sprong.
7:34 of 2nd period - Stopped by Logan Thompson without a rebound.
7:35 of 2nd period - Ivan Barbashev wins face-off versus Yakov Trenin in Minnesota North Stars zone.
8:07 of 2nd period - Wrist shot by Mika Zibanejad.
8:07 of 2nd period - Shot Blocked by Dylan DeMelo.
8:31 of 2nd period - Icing by Patrick Kane.
8:32 of 2nd period - Steven Stamkos wins face-off versus Brock Nelson in Detroit Red Wings zone.
9:29 of 2nd period - Slapshot by Valeri Nichushkin.
9:29 of 2nd period - Goal by Valeri Nichushkin - Minnesota North Stars : 1 - Detroit Red Wings : 1.
9:30 of 2nd period - Brock Nelson wins face-off versus Mika Zibanejad in neutral zone.
9:43 of 2nd period - Snap shot by Lawson Crouse.
9:43 of 2nd period - Shot Blocked by Mika Zibanejad.
9:45 of 2nd period - Wrist shot by Lawson Crouse.
9:45 of 2nd period - Stopped by Laurent Brossoit without a rebound.
9:46 of 2nd period - Steven Stamkos wins face-off versus Ryan Nugent-Hopkins in Detroit Red Wings zone.
10:29 of 2nd period - Minor Penalty to Mika Zibanejad for Slashing.
10:30 of 2nd period - Kevin Stenlund wins face-off versus Evgeni Malkin in Detroit Red Wings zone.
10:41 of 2nd period - Snap shot by Evgeni Malkin.
10:41 of 2nd period - Goal by Evgeni Malkin - Minnesota North Stars : 2 - Detroit Red Wings : 1.
10:42 of 2nd period - Mika Zibanejad wins face-off versus William Karlsson in neutral zone.
10:55 of 2nd period - Snap shot by William Karlsson.
10:55 of 2nd period - Stopped by Laurent Brossoit without a rebound.
10:56 of 2nd period - Mika Zibanejad wins face-off versus Evgeni Malkin in Detroit Red Wings zone.
11:05 of 2nd period - Slapshot by Shayne Gostisbehere.
11:05 of 2nd period - Deflect By Jonathan Marchessault.
11:05 of 2nd period - Stopped by Logan Thompson with a rebound.
11:48 of 2nd period - Frank Vatrano is hit by Jeff Petry and loses puck.
12:08 of 2nd period - Snap shot by Carter Verhaeghe.
12:08 of 2nd period - Stopped by Logan Thompson without a rebound.
12:09 of 2nd period - William Karlsson wins face-off versus Mika Zibanejad in Minnesota North Stars zone.
12:09 of 2nd period - William Karlsson is hit by Carter Verhaeghe.
12:24 of 2nd period - Off-side.
12:25 of 2nd period - Evgeni Malkin wins face-off versus Patrick Kane in neutral zone.
12:32 of 2nd period - Wrist shot by Evgeni Malkin.
12:32 of 2nd period - Shot Misses the Net.
12:34 of 2nd period - Backhand shot by Dylan DeMelo.
12:34 of 2nd period - Shot Blocked by Steven Stamkos.
12:36 of 2nd period - Wrist shot by Jonathan Marchessault.
12:36 of 2nd period - Shot Misses the Net.
12:38 of 2nd period - Wrist shot by Evgeni Malkin.
12:38 of 2nd period - Goal by Evgeni Malkin - Minnesota North Stars : 3 - Detroit Red Wings : 1.
12:39 of 2nd period - Mika Zibanejad wins face-off versus Lawson Crouse in neutral zone.
13:29 of 2nd period - Wrist shot by Jack Hughes.
13:29 of 2nd period - Stopped by Laurent Brossoit with a rebound.
13:31 of 2nd period - Slapshot by Erik Cernak.
13:31 of 2nd period - Stopped by Laurent Brossoit without a rebound.
13:32 of 2nd period - Jack Hughes wins face-off versus Yakov Trenin in Detroit Red Wings zone.
13:43 of 2nd period - Snap shot by Jackson LaCombe.
13:43 of 2nd period - Shot Blocked by Valeri Nichushkin.
13:51 of 2nd period - Snap shot by Jack Hughes.
13:51 of 2nd period - Stopped by Laurent Brossoit with a rebound.
13:56 of 2nd period - Minor Penalty to Yakov Trenin for Boarding.
13:57 of 2nd period - Evgeni Malkin wins face-off versus Kevin Stenlund in Detroit Red Wings zone.
13:59 of 2nd period - Slapshot by Evgeni Malkin.
13:59 of 2nd period - Stopped by Laurent Brossoit with a rebound.
14:01 of 2nd period - Slapshot by Cam York.
14:01 of 2nd period - Shot Blocked by Kevin Stenlund.
14:09 of 2nd period - Backhand shot by Jack Hughes.
14:09 of 2nd period - Goal by Jack Hughes - Minnesota North Stars : 4 - Detroit Red Wings : 1.
14:10 of 2nd period - Mika Zibanejad wins face-off versus William Karlsson in neutral zone.
14:37 of 2nd period - Ryan Nugent-Hopkins is hit by Steven Stamkos and loses puck.
14:46 of 2nd period - Slapshot by Dylan DeMelo.
14:46 of 2nd period - Stopped by Laurent Brossoit with a rebound.
14:52 of 2nd period - Minor Penalty to Jared McCann for Boarding.
14:53 of 2nd period - Valeri Nichushkin wins face-off versus Christian Fischer in Detroit Red Wings zone.
15:02 of 2nd period - Slapshot by Valeri Nichushkin.
15:02 of 2nd period - Shot Misses the Net.
15:06 of 2nd period - Wrist shot by Valeri Nichushkin.
15:06 of 2nd period - Shot Misses the Net.
15:08 of 2nd period - Slapshot by Frank Vatrano.
15:08 of 2nd period - Stopped by Laurent Brossoit with a rebound.
15:10 of 2nd period - Snap shot by William Karlsson.
15:10 of 2nd period - Shot Misses the Net.
15:20 of 2nd period - Yakov Trenin is hit by Evgeni Malkin and loses puck.
16:11 of 2nd period - Jonathan Marchessault is hit by Christian Fischer and loses puck.
16:52 of 2nd period - Penalty to Jared McCann is over, Jared McCann is back on ice.
17:04 of 2nd period - Wrist shot by Patrick Kane.
17:04 of 2nd period - Shot Misses the Net.
17:06 of 2nd period - Slapshot by Zach Bogosian.
17:06 of 2nd period - Shot Misses the Net.
17:18 of 2nd period - Carter Verhaeghe is hit by Cam York and loses puck.
17:36 of 2nd period - Shayne Gostisbehere is hit by Erik Cernak.
18:09 of 2nd period - Jonathan Marchessault is hit by Mika Zibanejad and loses puck.
18:35 of 2nd period - Gustav Forsling is hit by Zach Bogosian and loses puck.
18:48 of 2nd period - Dylan DeMelo is hit by Patrick Kane and loses puck.
19:10 of 2nd period - Frank Vatrano is hit by Christian Fischer and loses puck.
Goals for this period are 4 for Minnesota North Stars vs 1 for Detroit Red Wings.
Shots for this period are 12 for Minnesota North Stars vs 6 for Detroit Red Wings.
3rd period
0:01 of 3rd period - Lawson Crouse wins face-off versus Carter Verhaeghe in neutral zone.
0:17 of 3rd period - Minor Penalty to William Karlsson for Tripping.
0:18 of 3rd period - Evgeni Malkin wins face-off versus Mika Zibanejad in Minnesota North Stars zone.
0:29 of 3rd period - Snap shot by Erik Cernak.
0:29 of 3rd period - Shot Misses the Net.
0:31 of 3rd period - Wrist shot by Evgeni Malkin.
0:31 of 3rd period - Shot Misses the Net.
0:33 of 3rd period - Slapshot by Erik Cernak.
0:33 of 3rd period - Shot Misses the Net.
1:46 of 3rd period - Neal Pionk is hit by Carter Verhaeghe.
2:17 of 3rd period - Penalty to William Karlsson is over, William Karlsson is back on ice.
2:19 of 3rd period - Icing by Zachary Werenski.
2:20 of 3rd period - Steven Stamkos wins face-off versus Brock Nelson in Detroit Red Wings zone.
2:33 of 3rd period - Wrist shot by Brock Nelson.
2:33 of 3rd period - Shot Misses the Net.
2:35 of 3rd period - Slapshot by Erik Cernak.
2:35 of 3rd period - Stopped by Laurent Brossoit with a rebound.
2:45 of 3rd period - Snap shot by Brendan Gallagher.
2:45 of 3rd period - Shot Misses the Net.
2:47 of 3rd period - Snap shot by Kevin Stenlund.
2:47 of 3rd period - Shot Misses the Net.
2:49 of 3rd period - Snap shot by Kevin Stenlund.
2:49 of 3rd period - Stopped by Logan Thompson without a rebound.
2:50 of 3rd period - Kevin Stenlund wins face-off versus Evgeni Malkin in Minnesota North Stars zone.
2:53 of 3rd period - Wrist shot by Brendan Gallagher.
2:53 of 3rd period - Shot Misses the Net.
2:55 of 3rd period - Slapshot by Keegan Kolesar.
2:55 of 3rd period - Stopped by Logan Thompson with a rebound.
2:59 of 3rd period - Snap shot by Keegan Kolesar.
2:59 of 3rd period - Stopped by Logan Thompson with a rebound.
3:20 of 3rd period - Snap shot by Zachary Werenski.
3:20 of 3rd period - Shot Blocked by Lawson Crouse.
3:22 of 3rd period - Snap shot by Jackson LaCombe.
3:22 of 3rd period - Stopped by Logan Thompson with a rebound.
3:24 of 3rd period - Snap shot by Mika Zibanejad.
3:24 of 3rd period - Shot Misses the Net.
3:36 of 3rd period - Snap shot by Daniel Sprong.
3:36 of 3rd period - Stopped by Logan Thompson with a rebound.
3:38 of 3rd period - Slapshot by Christian Fischer.
3:38 of 3rd period - Shot Misses the Net.
3:40 of 3rd period - Snap shot by Daniel Sprong.
3:40 of 3rd period - Stopped by Logan Thompson with a rebound.
3:42 of 3rd period - Slapshot by Erik Brannstrom.
3:42 of 3rd period - Stopped by Logan Thompson without a rebound.
3:43 of 3rd period - Evgeni Malkin wins face-off versus Mika Zibanejad in Minnesota North Stars zone.
3:50 of 3rd period - Wrist shot by Evgeni Malkin.
3:50 of 3rd period - Stopped by Laurent Brossoit with a rebound.
3:56 of 3rd period - Slapshot by Evgeni Malkin.
3:56 of 3rd period - Shot Misses the Net.
4:23 of 3rd period - Wrist shot by Daniel Sprong.
4:23 of 3rd period - Stopped by Logan Thompson with a rebound.
4:25 of 3rd period - Slapshot by Daniel Sprong.
4:25 of 3rd period - Stopped by Logan Thompson without a rebound.
4:26 of 3rd period - William Karlsson wins face-off versus Steven Stamkos in Minnesota North Stars zone.
4:26 of 3rd period - Rasmus Dahlin is hit by Patrick Kane.
4:38 of 3rd period - Jared McCann is hit by Lawson Crouse and loses puck.
4:47 of 3rd period - Patrick Kane is hit by Erik Cernak and loses puck.
5:00 of 3rd period - Snap shot by Carter Verhaeghe.
5:00 of 3rd period - Stopped by Logan Thompson without a rebound.
5:01 of 3rd period - Evgeni Malkin wins face-off versus Mika Zibanejad in Minnesota North Stars zone.
5:01 of 3rd period - Evgeni Malkin is hit by Jackson LaCombe.
5:13 of 3rd period - Snap shot by Jonathan Marchessault.
5:13 of 3rd period - Shot Misses the Net.
5:27 of 3rd period - Dylan DeMelo is hit by Christian Fischer.
5:32 of 3rd period - Icing by Cam York.
5:33 of 3rd period - Frank Vatrano wins face-off versus Steven Stamkos in Minnesota North Stars zone.
5:42 of 3rd period - Snap shot by Valeri Nichushkin.
5:42 of 3rd period - Stopped by Laurent Brossoit without a rebound.
5:43 of 3rd period - William Karlsson wins face-off versus Steven Stamkos in Detroit Red Wings zone.
6:15 of 3rd period - Slapshot by Jonathan Marchessault.
6:15 of 3rd period - Stopped by Laurent Brossoit without a rebound.
6:16 of 3rd period - Tyler Johnson wins face-off versus William Karlsson in Detroit Red Wings zone.
6:26 of 3rd period - Wrist shot by Brock Nelson.
6:26 of 3rd period - Shot Blocked by Carter Verhaeghe.
6:28 of 3rd period - Slapshot by Neal Pionk.
6:28 of 3rd period - Deflect By Tyler Johnson.
6:28 of 3rd period - Stopped by Laurent Brossoit without a rebound.
6:29 of 3rd period - Evgeni Malkin wins face-off versus Mika Zibanejad in Detroit Red Wings zone.
6:56 of 3rd period - Dylan DeMelo is hit by Patrick Kane and loses puck.
7:19 of 3rd period - Slapshot by Jack Hughes.
7:19 of 3rd period - Shot Misses the Net.
7:50 of 3rd period - Shayne Gostisbehere is hit by Neal Pionk and loses puck.
8:26 of 3rd period - Snap shot by Zachary Werenski.
8:26 of 3rd period - Stopped by Logan Thompson with a rebound.
8:28 of 3rd period - Backhand shot by Patrick Kane.
8:28 of 3rd period - Stopped by Logan Thompson without a rebound.
8:29 of 3rd period - Mika Zibanejad wins face-off versus Evgeni Malkin in Minnesota North Stars zone.
8:32 of 3rd period - Wrist shot by Carter Verhaeghe.
8:32 of 3rd period - Shot Blocked by Evgeni Malkin.
8:53 of 3rd period - Icing by Zach Bogosian.
8:54 of 3rd period - Mika Zibanejad wins face-off versus William Karlsson in Detroit Red Wings zone.
9:19 of 3rd period - Cam York is hit by Zach Bogosian and loses puck.
9:42 of 3rd period - Slapshot by Erik Brannstrom.
9:42 of 3rd period - Shot Blocked by Erik Cernak.
9:44 of 3rd period - Wrist shot by Tyler Johnson.
9:44 of 3rd period - Stopped by Logan Thompson with a rebound.
9:49 of 3rd period - Off-side.
9:50 of 3rd period - Mika Zibanejad wins face-off versus William Karlsson in neutral zone.
9:55 of 3rd period - Snap shot by Carter Verhaeghe.
9:55 of 3rd period - Deflect By Tyler Johnson.
9:55 of 3rd period - Stopped by Logan Thompson without a rebound.
9:56 of 3rd period - Mika Zibanejad wins face-off versus Brock Nelson in Minnesota North Stars zone.
10:11 of 3rd period - Slapshot by Rasmus Dahlin.
10:11 of 3rd period - Shot Blocked by Jeff Petry.
10:45 of 3rd period - Wrist shot by Steven Stamkos.
10:45 of 3rd period - Shot Misses the Net.
10:47 of 3rd period - Wrist shot by Jeff Petry.
10:47 of 3rd period - Shot Misses the Net.
10:49 of 3rd period - Snap shot by Yakov Trenin.
10:49 of 3rd period - Shot Blocked by Gustav Forsling.
11:13 of 3rd period - Snap shot by Brock Nelson.
11:13 of 3rd period - Stopped by Laurent Brossoit with a rebound.
11:33 of 3rd period - Wrist shot by Valeri Nichushkin.
11:33 of 3rd period - Stopped by Laurent Brossoit with a rebound.
11:35 of 3rd period - Snap shot by Jack Hughes.
11:35 of 3rd period - Shot Misses the Net.
12:11 of 3rd period - Snap shot by Brock Nelson.
12:11 of 3rd period - Shot Blocked by Yakov Trenin.
12:13 of 3rd period - Minor Penalty to Zach Bogosian for Delaying the game.
12:14 of 3rd period - William Karlsson wins face-off versus Mika Zibanejad in Detroit Red Wings zone.
12:29 of 3rd period - Snap shot by William Karlsson.
12:29 of 3rd period - Stopped by Laurent Brossoit with a rebound.
12:31 of 3rd period - Wrist shot by William Karlsson.
12:31 of 3rd period - Shot Misses the Net.
13:46 of 3rd period - Icing by Evgeni Malkin.
13:47 of 3rd period - Kevin Stenlund wins face-off versus Jack Hughes in Minnesota North Stars zone.
14:08 of 3rd period - Jeff Petry is hit by Neal Pionk and loses puck.
14:13 of 3rd period - Penalty to Zach Bogosian is over, Zach Bogosian is back on ice.
14:21 of 3rd period - Snap shot by Brock Nelson.
14:21 of 3rd period - Stopped by Laurent Brossoit with a rebound.
14:23 of 3rd period - Backhand shot by Brock Nelson.
14:23 of 3rd period - Stopped by Laurent Brossoit with a rebound.
14:25 of 3rd period - Slapshot by Brock Nelson.
14:25 of 3rd period - Stopped by Laurent Brossoit with a rebound.
14:27 of 3rd period - Slapshot by Dylan DeMelo.
14:27 of 3rd period - Stopped by Laurent Brossoit with a rebound.
14:29 of 3rd period - Wrist shot by Brock Nelson.
14:29 of 3rd period - Stopped by Laurent Brossoit without a rebound.
14:30 of 3rd period - William Karlsson wins face-off versus Mika Zibanejad in Detroit Red Wings zone.
14:41 of 3rd period - Snap shot by Mika Zibanejad.
14:41 of 3rd period - Shot Misses the Net.
14:48 of 3rd period - Minor Penalty to Cam York for Delaying the game.
14:49 of 3rd period - Evgeni Malkin wins face-off versus Steven Stamkos in Minnesota North Stars zone.
15:24 of 3rd period - William Karlsson is hit by Tyler Johnson and loses puck.
16:40 of 3rd period - Jared McCann is hit by Neal Pionk and loses puck.
16:48 of 3rd period - Penalty to Cam York is over, Cam York is back on ice.
16:49 of 3rd period - Icing by Jack Hughes.
16:50 of 3rd period - Yakov Trenin wins face-off versus Jack Hughes in Minnesota North Stars zone.
17:23 of 3rd period - Slapshot by Jack Hughes.
17:23 of 3rd period - Shot Misses the Net.
17:35 of 3rd period - Slapshot by Rasmus Dahlin.
17:35 of 3rd period - Shot Misses the Net.
18:39 of 3rd period - Brendan Gallagher is hit by Dylan DeMelo and loses puck.
18:49 of 3rd period - Icing by Brock Nelson.
18:50 of 3rd period - Mika Zibanejad wins face-off versus Ryan Nugent-Hopkins in Minnesota North Stars zone.
18:51 of 3rd period - Wrist shot by Carter Verhaeghe.
18:51 of 3rd period - Stopped by Logan Thompson without a rebound.
18:52 of 3rd period - Mika Zibanejad wins face-off versus Ryan Nugent-Hopkins in Minnesota North Stars zone.
18:58 of 3rd period - Minor Penalty to Jackson LaCombe for Tripping.
18:59 of 3rd period - William Karlsson wins face-off versus Mika Zibanejad in Detroit Red Wings zone.
19:25 of 3rd period - Neal Pionk is hit by Shayne Gostisbehere.
Goals for this period are 0 for Minnesota North Stars vs 0 for Detroit Red Wings.
Shots for this period are 13 for Minnesota North Stars vs 15 for Detroit Red Wings.
Back to the Top